 Dungeon Crawl Stone Soup version 0.32-a0-433-g08bcfe7efd (webtiles) character file.

Game seed: 18348028676857282397

279360 Strat the Warrior (level 19, -14/102 (179) HPs)
             Began as a Mountain Dwarf Fighter on Feb 22, 2024.
             Was an Elder of Okawaru.
             Killed from afar by Norris (29 damage)
             ... with a torrent of water
             ... on level 13 of the Dungeon.
             The game lasted 02:12:40 (56673 turns).

Strat the Warrior (Mountain Dwarf Fighter)         Turns: 56673, Time: 02:12:41

HP:   -14/102 (179) AC: 28    Str: 31    XL:     19   Next: 65%
MP:   2/25          EV: 16    Int: 14    God:    Okawaru [****..]
Gold: 919           SH:  0    Dex: 11    Spells: 7/18 levels left

rFire   + . .        b - +13 lance "Wyrmbane" {slay drac, rPois rF+ rC+ AC+3}
rCold   + . .        n - +1 kite shield {reflect}
rNeg    . . .        u - +1 plate armour {rF+}
rPois   +            i - +1 hat
rElec   .            d - +1 cloak
rCorr   .            Q - +1 pair of gloves of Pedeanun {Int+5}
SInv    .            (no boots)
Will    +....        r - amulet of regeneration Stlth
                     S - +5 ring of evasion
HPRegen 1.17/turn    t - ring "Epihopt" {Str+6 Slay+6}
MPRegen 0.19/turn

%: reflection
@: confused, mighty, very heavily drained, very slow
A: runic magic, artefact enchanting, heat vulnerability 1
}: 2/15 runes: serpentine, barnacled
a: Renounce Religion, Heroism, Finesse


You were on level 13 of the Dungeon.
You worshipped Okawaru.
Okawaru was greatly pleased with you.
You visited 9 branches of the dungeon, and saw 36 of its levels.
You also visited: Sewer.

You collected 4255 gold pieces.
You spent 3336 gold pieces at shops.

Inventory:

Hand Weapons
 a - the +8 whip "Snakebite" {venom, curare, rPois}
   (You took it off Amaemon on level 1 of the Lair of Beasts)

   rPois:     It protects you from poison
 b - the +13 lance "Wyrmbane" (weapon) {slay drac, rPois rF+ rC+ AC+3}
   (You bought it in a shop on level 1 of the Dungeon)

   AC+3:      It affects your AC (+3).
   rF+:       It protects you from fire.
   rC+:       It protects you from cold.
   rPois:     It protects you from poison
 N - the +9 spear of Currency {antimagic, rPois}
   (You took it off a spriggan on level 12 of the Dungeon)

   rPois:     It protects you from poison
Missiles
 j - 5 throwing nets
 q - 26 javelins (quivered)
 y - 69 poisoned darts
 C - 15 silver javelins
 E - 27 curare-tipped darts
 L - 23 atropa-tipped darts
 R - 2 darts of dispersal
 W - 5 datura-tipped darts
Armour
 d - a +1 cloak (worn)
 i - a +1 hat (worn)
 n - a +1 kite shield of reflection (worn)
 u - a +1 plate armour of fire resistance (worn)
 H - the +0 fire dragon scales of the Ward {+Blink rF++ rC- SInv}
   (You bought it in a shop on level 1 of the Dungeon)

   rF++:      It greatly protects you from fire.
   rC-:       It makes you vulnerable to cold.
   SInv:      It lets you see invisible.
   +Blink:    It lets you blink.
 Q - the +1 pair of gloves of Pedeanun (worn) {Int+5}
   (Okawaru gifted it to you on level 3 of the Lair of Beasts)

   Int+5:     It affects your intelligence (+5).
Jewellery
 r - an amulet of regeneration (around neck)
 t - the ring "Epihopt" (right hand) {Str+6 Slay+6}
   (You bought it in a shop on level 2 of the Orcish Mines)

   [ring of strength]

   Str+6:     It affects your strength (+6).
   Slay+6:    It affects your accuracy & damage with ranged weapons and melee
   (+6).
 D - a ring of protection from fire
 K - a ring of see invisible
 M - a ring of flight
 S - a +5 ring of evasion (left hand)
 X - a ring of resist corrosion
 Y - a ring of positive energy
Wands
 B - a wand of digging (3)
 G - a wand of flame (77)
 P - a wand of polymorph (4)
Scrolls
 h - 4 scrolls of enchant armour
 k - 20 scrolls of identify
 l - 4 scrolls of torment
 m - 6 scrolls of teleportation
 w - 8 scrolls of enchant weapon
 x - a scroll of summoning {unknown}
 z - a scroll of vulnerability
 I - 2 scrolls of revelation
 J - a scroll of silence
 O - 5 scrolls of immolation
 T - a scroll of amnesia
Potions
 c - 7 potions of mutation
 e - 2 potions of resistance
 f - 3 potions of berserk rage
 o - 6 potions of brilliance
 p - 7 potions of enlightenment
 s - a potion of ambrosia
 U - a potion of might
 Z - 3 potions of cancellation
Miscellaneous
 g - a phial of floods
 v - a lightning rod (4/4)
 F - a tin of tremorstones (2/2)


   Skills:
 + Level 18.3 Fighting
 - Level 18.0(18.7) Axes
 - Level 7.8(14.0) Maces & Flails
 - Level 3.8(10.7) Polearms
 - Level 10.0 Throwing
 - Level 18.0 Armour
 - Level 10.0 Dodging
 - Level 14.0 Shields
 - Level 5.0 Translocations
 * Level 9.7 Alchemy
 - Level 8.0 Invocations
 - Level 10.0 Evocations


You had 7 spell levels left.
You knew the following spells:

 Your Spells              Type           Power      Damage    Failure   Level
a - Apportation           Tloc           28%        N/A       8%          1
b - Mephitic Cloud        Conj/Alch/Air  9%         N/A       41%         3
c - Lesser Beckoning      Tloc           28%        N/A       11%         2
d - Alistair's Intoxicat  Alch           18%        N/A       28%         5

Your spell library contained the following spells:

 Spells                   Type           Power      Damage    Failure   Level
 Sting                    Conj/Alch      52%        1d6       8%          1
 Gell's Gravitas          Tloc           14%        N/A       22%         3
 Teleport Other           Tloc           14%        N/A       22%         3
 Magic Dart               Conj           0%         1d3       50%         1
 Necrotise                Necr           0%         1d4       50%         1
 Manifold Assault         Tloc           14%        N/A       58%         4
 Fulminant Prism          Conj/Alch      6%         3d6       61%         4
 Leda's Liquefaction      Alch/Erth      6%         N/A       61%         4
 Petrify                  Alch/Erth      13%        N/A       61%         4
 Ensorcelled Hibernation  Hex/Ice        0%         N/A       65%         2
 Searing Ray              Conj           0%         2d4       65%         2
 Static Discharge         Conj/Air       0%         3-3/arc   65%         2
 Eringya's Noxious Bog    Alch           13%        4d6       85%         6
 Dazzling Flash           Conj/Hex       0%         N/A       86%         3
 Frozen Ramparts          Ice            0%         1d1       86%         3
 Passwall                 Erth           0%         N/A       86%         3
 Sigil of Binding         Hex            0%         N/A       86%         3
 Swiftness                Air            0%         N/A       86%         3
 Dimensional Bullseye     Hex/Tloc       3%         N/A       90%         4
 Vhi's Electric Charge    Tloc/Air       14%        N/A       90%         4
 Airstrike                Air            0%         2d(0-16)  99%         4
 Anguish                  Hex/Necr       0%         N/A       99%         4
 Cause Fear               Hex            0%         N/A       99%         4
 Arcjolt                  Conj/Air       0%         1d10      100%        5
 Borgnjor's Vile Clutch   Necr/Erth      0%         N/A       100%        5
 Curse of Agony           Necr           0%         N/A       100%        5
 Freezing Cloud           Conj/Ice/Air   0%         6-21      100%        5
 Metabolic Englaciation   Hex/Ice        0%         N/A       100%        5
 Silence                  Hex/Air        0%         N/A       100%        5
 Conjure Ball Lightning   Conj/Air       0%         3x3d6     100%        6
 Dispersal                Tloc           7%         N/A       100%        6
 Plasma Beam              Fire/Air       0%         2x1d10    100%        6
 Enfeeble                 Hex            0%         N/A       100%        7
 Ozocubu's Refrigeration  Ice            0%         4d7       100%        7
 Disjunction              Tloc           7%         N/A       100%        8
 Polar Vortex             Ice            0%         N/A       100%        9
 Summon Small Mammal      Summ           Unusable   N/A       N/A         1
 Call Canine Familiar     Summ           Unusable   N/A       N/A         3
 Summon Lightning Spire   Summ/Air       Unusable   N/A       N/A         4
 Sculpt Simulacrum        Ice/Alch       Unusable   N/A       N/A         6

Dungeon Overview and Level Annotations

Branches:
Dungeon (15/15)            Temple (1/1) D:7            Lair (5/5) D:8
 Shoals (4/4) Lair:3        Snake (4/4) Lair:2        Slime (0/5) Lair:4
    Orc (2/2) D:10            Elf (3/3) Orc:2        Vaults (1/5) D:13
 Depths (1/4) D:15          Sewer (visited)

Altars:
Ashenzari
Cheibriados
Dithmenos
Elyvilon
Fedhas
Gozag
Hepliaklqana
Kikubaaqudgha
Makhleb
Nemelex Xobeh
Okawaru
Qazlal
Ru
Sif Muna
Trog
Uskayaw
Vehumet
Wu Jian
Xom
Yredelemnul
Zin
The Shining One
Beogh

Shops:
D:1 *[(?   D:2 [   D:12 ?   D:14 ((   Orc:2 ([=*=*   Elf:3 ?   Shoals:3 :=(=(:
Snake:2 =:=

Portals:
Trove: D:11 (give +4 shadow dragon scales)

Annotations:
D:3 Sigmund
D:13 Norris
D:15 Agnes
Lair:5 2 transporters, exclusion: ice statue, jestert79's ghost, journeyman DEHs
Shoals:1 Roxanne
Shoals:2 3 runed translucent doors, Mungiw's ghost, adept MiBe; zenocrate's ghost, adept KoDe
Snake:3 exclusion: 2 ice statues
Elf:2 3 runed translucent doors


Innate Abilities, Weirdness & Mutations

Your spellcasting is much less encumbered by armour.
You can use scrolls of enchantment on lesser artefacts.
You are vulnerable to heat. (rF-)


Message History

You feel your power leaking away.
Okay, then.
You enter the shallow water.
Moving in this stuff is going to be slow.
Norris prays to the universe for peace to reach you.
The torrent of water misses you.
The wave splashes down.
Your unstable footing causes you to fumble your attack.
Norris hits you but does no damage.
You feel drained.
You impale Norris!!
Norris is heavily wounded.
You barely miss Norris.
Norris is heavily wounded.
Norris hits you but does no damage.
You feel drained.
You closely miss Norris.
Norris is heavily wounded.
Norris's eyes shimmer, overwhelming you with visions from beyond.
You feel your power leaking away.
Norris hits you with a +4 demon trident of draining!!
You feel drained.
* * * LOW HITPOINT WARNING * * *
Norris hits you with a +4 demon trident of draining!
* * * LOW HITPOINT WARNING * * *
You feel drained. Norris hits you but does no damage.
You feel drained.
You bump into the rock wall.
Norris hits you with a +4 demon trident of draining!!
* * * LOW HITPOINT WARNING * * *
You feel drained.
* * * LOW HITPOINT WARNING * * *
You bump into the rock wall.
Norris hits you with a +4 demon trident of draining!
* * * LOW HITPOINT WARNING * * *
You feel drained.
* * * LOW HITPOINT WARNING * * *
Norris hits you with a +4 demon trident of draining!!
* * * LOW HITPOINT WARNING * * *
You feel drained.
Norris invokes the aid of something beyond life against you.
The torrent of water hits you!!
You die...
Norris says, "Enjoy eternity."

#.#~#.#~#.#.###.# #.....#
#####.#.#.#~#.#.#..# ####.##
...#.#.#.#~#~#รท##.## #..##
.####.#.#.#.#@#.### ##..# .#
#.#.#.#.#.#~## ######'##
.####.#.#.#.#.#[####### #.......#
#..#############~'....# #.......#
#........#....~@~####.###.......#
#....###.'....~~@# #..##.......#
.....# ###....~~~# ##..'.......#
###### ##'###### ####.......#
#.###### ######### #......##
######..# ##.# #.# #####'##


You could see Norris.

Vanquished Creatures
  Vashnia (Snake:4)
  Jorgrun (Snake:2)
  A deep elf blademaster (Elf:1)
  A storm dragon (Shoals:4)
  3 nagarajas (Snake:4)
  2 deep elf sorcerers (Elf:3)
  A vault warden (D:13)
  A frost giant (D:15)
  A deep elf elementalist (Elf:1)
  A formless jellyfish (Shoals:3)
  An orc warlord (Orc:2)
  The ghost of Hulashix the Severer, a journeyman MiBe of Trog (Elf:1)
  2 stone giants (D:15)
  Azrael (D:15)
  15 merfolk impalers
  5 merfolk javelineers
  2 ettins
  3 fire dragons
  A deep elf high priest (Elf:3)
  4 ice dragons
  2 rakshasas
  Fannar (D:12)
  3 vault guards (D:13)
  4 salamander tyrants
  10 hydras
  An alligator (Lair:4)
  The ghost of DeathSocks the Slicer, a journeyman VSDe of Beogh (D:12)
  3 alligator snapping turtles
  3 merfolk avatars
  3 merfolk aquamancers (Shoals:4)
  7 boulder beetles
  14 anacondas
  Erica (Lair:2)
  3 two-headed ogres
  12 dancing weapons
  4 centaur warriors
  7 orc high priests
  11 naga warriors
  A tengu warrior (D:13)
  A deep troll earth mage (Depths:1)
  An occultist (D:15)
  A spriggan berserker (D:15)
  24 naga sharpshooters
  Sonja (D:12)
  7 shock serpents
  3 spriggans (D:12)
  10 deep elf knights
  4 skeletal warriors (D:12)
  Amaemon (Lair:1)
  6 skysharks
  2 goliath frogs (Lair:4)
  An iron troll (D:15)
  20 sea snakes
  8 mana vipers
  2 salamander mystics
  Lodul (D:12)
  2 swamp dragons
  3 deep trolls (D:15)
  8 deep elf archers
  2 lindwurms (Lair:5)
  An arcanist (D:13)
  3 naga ritualists (Snake:3)
  8 orc knights
  22 deep elf pyromancers
  A necromancer (D:15)
  30 harpies
  16 manticores
  13 deep elf zephyrmancers
  5 orc sorcerers
  11 salamanders
  18 fauns
  9 ugly things
  20 elephants
  4 cyclopes
  Maurice (D:7)
  24 black mambas
  2 kobold blastminers
  12 merfolk sirens
  10 guardian serpents
  A meliai (shapeshifter) (D:13)
  8 water nymphs
  An orange demon (Lair:2)
  5 torpor snails (Lair:5)
  19 naga magi
  A centaur skeleton (D:15)
  16 cane toads
  A gargoyle (D:9)
  4 kobold demonologists
  5 unseen horror zombies (D:9)
  4 rime drakes
  7 komodo dragons
  5 yaktaurs (D:15)
  3 tengu conjurers
  4 trolls
  3 tyrant leeches (Lair:5)
  24 merfolk
  A troll (shapeshifter) (D:9)
  4 polar bears
  13 hornets
  16 blink frogs
  10 wind drakes
  A raiju (shapeshifter) (Elf:2)
  7 dream sheep
  10 snapping turtles
  5 air elementals
  3 centaur simulacra
  10 slime creatures
  19 water elementals
  2 wyverns (Lair:5)
  47 yaks
  4 vampires
  A fire bat (shapeshifter) (D:13)
  4 wargs
  3 wraiths
  5 fire elementals
  5 steam dragons
  A vampire mosquito (D:13)
  5 basilisks
  3 swamp worms (Lair:4)
  36 nagas
  7 acid dragons
  A sky beast (D:7)
  17 water moccasins
  4 hell hounds (D:15)
  42 orc warriors
  4 swamp drakes
  5 black bears
  A sky beast (shapeshifter) (D:13)
  An ice beast (D:6)
  2 laughing skulls
  13 ogres
  2 centaurs
  16 wolves
  4 phantoms
  8 kobold brigands
  3 gnoll sergeants
  9 bullfrogs
  A wyvern zombie (D:9)
  5 scorpions
  2 earth elementals
  12 killer bees
  5 howler monkeys
  4 electric eels
  3 centaur zombies
  4 hounds
  4 jellies
  16 orc priests
  7 iguanas
  3 sleepcaps
  A boggart zombie (D:15)
  37 orc wizards
  3 howler monkey zombies (D:9)
  15 gnolls
  11 adders
  A river rat (Sewer)
  3 white imps
  3 dart slugs
  9 ribbon worms
  80 orcs
  13 endoplasms
  5 giant cockroaches
  11 goblins
  11 hobgoblins
  7 jackals
  4 quokkas
  9 ball pythons
  4 bats
  26 kobolds
  12 rats
1253 creatures vanquished.

Vanquished Creatures (others)
  3 deep elf zephyrmancers
  2 deep elf pyromancers
  A meliai (shapeshifter) (Elf:2)
  An air elemental (D:12)
  4 slime creatures (D:12)
  A water elemental (D:12)
  2 orcs (Orc:2)
14 creatures vanquished.

Grand Total: 1267 creatures vanquished

Notes
Turn   | Place    | Note
-------+----------+-------------------------------------------
     0 | D:1      | Strat the Mountain Dwarf Fighter began the quest for the
                  | Orb.
     0 | D:1      | Reached XP level 1. HP: 19/19 MP: 1/1
    80 | D:1      | Found Usost's General Store.
    95 | D:1      | Reached XP level 2. HP: 19/26 MP: 2/2
   158 | D:1      | Found Natats's Antique Armour Boutique.
   245 | D:1      | Found Ugelade's Magic Scroll Shop.
   284 | D:1      | Found Publinil's Weapon Shop.
   300 | D:1      | Reached XP level 3. HP: 31/31 MP: 3/3
   689 | D:2      | Found a faded altar of an unknown god.
   723 | D:2      | Reached skill level 5 in Axes
   745 | D:2      | Found Omoasio's Armour Shop.
   964 | D:2      | Reached XP level 4. HP: 34/38 MP: 4/4
  1264 | D:1      | Bought a scroll of teleportation for 30 gold pieces
  1264 | D:1      | Bought a scroll of identify for 20 gold pieces
  1856 | D:3      | Noticed a black bear
  1869 | D:3      | Killed a black bear
  1870 | D:3      | Reached XP level 5. HP: 18/45 MP: 5/5
  2235 | D:3      | Noticed Sigmund
  2739 | D:4      | Found a sacrificial altar of Ru.
  2820 | D:4      | Reached XP level 6. HP: 51/51 MP: 6/6
  3571 | D:5      | Entered Level 5 of the Dungeon
  3586 | D:5      | Reached XP level 7. HP: 48/60 MP: 7/7
  4141 | D:5      | Reached skill level 5 in Fighting
  4248 | D:5      | Reached skill level 5 in Armour
  4527 | D:6      | Reached XP level 8. HP: 66/68 MP: 8/8
  4631 | D:6      | Reached skill level 10 in Axes
  5091 | D:6      | Found a glowing drain.
  5100 | Sewer    | Entered a sewer
  5955 | D:6      | Reached XP level 9. HP: 69/78 MP: 9/9
  6097 | D:6      | Noticed a +0 falchion
  6097 | D:6      | Noticed a +0 dagger
  6097 | D:6      | Noticed a +0 spear
  6098 | D:6      | Noticed a +0 short sword
  6098 | D:6      | Noticed a +0 short sword
  6099 | D:6      | Noticed a +0 spear
  6099 | D:6      | Noticed a +0 falchion
  6101 | D:6      | Noticed a +0 dagger
  6102 | D:6      | Found a hide-covered altar of Uskayaw.
  6833 | D:7      | Found a staircase to the Ecumenical Temple.
  6840 | Temple   | Entered the Ecumenical Temple
  6887 | Temple   | Became a worshipper of Warmaster Okawaru
  7217 | D:7      | Noticed Maurice
  7230 | D:7      | Something stole 37 poisoned darts
  7250 | D:7      | Something stole a +0 kite shield
  7254 | D:7      | Something stole a +6 ring of intelligence
  7273 | D:7      | Something stole 326 gold
  7281 | D:7      | Killed Maurice
  7599 | D:7      | Reached * piety under Okawaru
  7749 | D:7      | Reached XP level 10. HP: 61/88 MP: 10/10
  7907 | D:7      | Found a glowing golden altar of the Shining One.
  7988 | D:7      | Found an ancient bone altar of Kikubaaqudgha.
  8213 | D:8      | Found a broken altar of Ashenzari.
  8254 | D:8      | Reached skill level 15 in Axes
  8254 | D:8      | Reached XP level 11. HP: 95/95 MP: 11/11
  8692 | D:8      | Reached ** piety under Okawaru
  8763 | D:8      | Found a staircase to the Lair.
  9663 | D:8      | Found a snail-covered altar of Cheibriados.
  9920 | D:9      | Found a shimmering altar of Xom.
 10071 | D:9      | Reached *** piety under Okawaru
 10470 | D:9      | Paralysed by a hornet for 1 turns
 10550 | D:9      | Noticed a centaur warrior
 10554 | D:9      | Found a basalt altar of Yredelemnul.
 10608 | D:9      | Reached **** piety under Okawaru
 10615 | D:9      | Reached skill level 10 in Shields
 10801 | D:9      | Noticed a centaur warrior
 10823 | D:9      | Killed a centaur warrior
 10824 | D:9      | Reached skill level 10 in Fighting
 10894 | D:9      | Reached ***** piety under Okawaru
 10960 | D:9      | Reached XP level 12. HP: 106/106 MP: 12/12
 11234 | D:9      | Noticed a boulder beetle
 11255 | D:9      | Killed a boulder beetle
 11430 | D:9      | Noticed a two-headed ogre
 11443 | D:9      | Killed a two-headed ogre
 11443 | D:9      | Received a gift from Okawaru
 11532 | D:9      | Noticed a boulder beetle
 11535 | D:9      | Noticed a boulder beetle
 11633 | D:9      | Noticed a two-headed ogre
 11635 | D:9      | Noticed a six-headed hydra
 11973 | D:9      | Found a stormy altar of Qazlal.
 12243 | D:10     | Entered Level 10 of the Dungeon
 12605 | D:10     | Found a staircase to the Orcish Mines.
 12871 | D:10     | Reached skill level 10 in Armour
 13269 | D:11     | Noticed a two-headed ogre
 13283 | D:11     | Killed a two-headed ogre
 13396 | D:11     | Reached skill level 1 in Invocations
 13414 | D:11     | Received a gift from Okawaru
 13514 | D:11     | Found a portal to a secret trove of treasure.
 13556 | D:11     | Identified the +4 dagger of Inconvenience {antimagic, Will-
                  | Dex+6}
 13760 | D:11     | Noticed a boulder beetle
 13809 | D:11     | Killed a boulder beetle
 13810 | D:11     | Reached skill level 1 in Throwing
 14253 | D:12     | Gained mutation: You are vulnerable to heat. (rF-) [a
                  | neqoxec]
 14763 | D:12     | Noticed Fannar
 15042 | Lair:1   | Entered Level 1 of the Lair of Beasts
 15069 | Lair:1   | Found a stormy altar of Qazlal.
 15466 | Lair:1   | Reached skill level 5 in Invocations
 15494 | Lair:1   | Received a gift from Okawaru
 15508 | Lair:1   | Reached XP level 13. HP: 91/113 MP: 15/17
 16836 | Lair:2   | Noticed Amaemon
 16870 | Lair:1   | Killed Amaemon
 16958 | Lair:2   | Received a gift from Okawaru
 17027 | Lair:2   | Noticed Erica
 17229 | Lair:2   | Found a staircase to the Snake Pit.
 17443 | Lair:2   | Reached skill level 5 in Throwing
 17576 | Lair:2   | Killed Erica
 18224 | Lair:3   | Reached ****** piety under Okawaru
 18224 | Lair:3   | Received a gift from Okawaru
 18329 | Lair:3   | Acquired a +2 broad axe of electrocution
 18329 | Lair:3   | Received a gift from Okawaru
 18333 | Lair:3   | Acquired the +1 pair of gloves of Pedeanun {Int+5}
 18333 | Lair:3   | Received a gift from Okawaru
 18778 | Lair:3   | Found a staircase to the Shoals.
 19020 | Lair:4   | Received a gift from Okawaru
 19212 | Lair:4   | Reached skill level 1 in Maces & Flails
 19212 | Lair:4   | Reached skill level 1 in Evocations
 19260 | Lair:4   | Reached XP level 14. HP: 117/121 MP: 20/20
 19310 | Lair:4   | Identified a scroll of acquirement
 19310 | Lair:4   | Acquired a manual of Dodging
 19890 | Lair:4   | Found a staircase to the Slime Pits.
 20528 | Lair:4   | Received a gift from Okawaru
 21917 | Lair:5   | Entered Level 5 of the Lair of Beasts
 21933 | Lair:5   | Found a transporter.
 21934 | Lair:5   | Found a transporter.
 21963 | Lair:5   | Noticed jestert79's ghost (journeyman DEHs)
 22295 | Lair:5   | Reached skill level 5 in Maces & Flails
 22550 | Lair:5   | Received a gift from Okawaru
 22678 | Lair:5   | Reached skill level 5 in Evocations
 23517 | Lair:5   | Received a gift from Okawaru
 24771 | D:1      | Bought the +8 lance "Wyrmbane" {slay drac, rPois rF+ rC+
                  | AC+3} for 969 gold pieces
 24771 | D:1      | Found the +8 lance "Wyrmbane" {slay drac, rPois rF+ rC+
                  | AC+3}
 24962 | Orc:1    | Entered Level 1 of the Orcish Mines
 25083 | Orc:1    | Found a roughly hewn altar of Beogh.
 25094 | Orc:1    | Found an iron altar of Okawaru.
 25142 | Orc:1    | Reached skill level 1 in Dodging
 25154 | Orc:1    | Reached skill level 1 in Polearms
 25332 | D:12     | Found Mehiadd's Magic Scroll Emporium.
 25468 | D:12     | Bought a scroll of teleportation for 39 gold pieces
 25468 | D:12     | Bought a scroll of teleportation for 39 gold pieces
 25468 | D:12     | Bought a scroll of teleportation for 39 gold pieces
 25468 | D:12     | Bought a scroll of teleportation for 39 gold pieces
 25490 | D:12     | Found a large runed translucent door.
 25490 | D:12     | Found a large runed translucent door.
 25497 | D:12     | Noticed Sonja
 25638 | D:12     | Noticed Lodul
 25678 | D:12     | Killed Lodul
 25679 | D:12     | Reached XP level 15. HP: 121/126 MP: 21/21
 25729 | D:12     | You fall into a shaft and drop 3 floors!
 25729 | D:15     | Entered Level 15 of the Dungeon
 26066 | D:15     | Noticed Agnes
 26315 | D:14     | Received a gift from Okawaru
 26722 | D:13     | Found a shadowy altar of Dithmenos.
 26935 | D:13     | Found a gate to the Vaults.
 27899 | D:12     | Found a runed translucent door.
 27904 | D:12     | Noticed DeathSocks's ghost (journeyman VSDe)
 27905 | D:12     | Identified the +9 spear of Currency {antimagic, rPois}
 28591 | D:14     | Found Qatouq's Antique Weapon Emporium.
 28825 | D:14     | Received a gift from Okawaru
 29185 | D:14     | Found Nics's Antique Weapon Shop.
 29387 | D:15     | Noticed Azrael
 30271 | Orc:2    | Entered Level 2 of the Orcish Mines
 30400 | Orc:1    | Learned a level 1 spell: Apportation
 30440 | Orc:2    | Found Cioqiqen's General Store.
 30822 | Orc:2    | Reached skill level 5 in Dodging
 31295 | Orc:2    | Received a gift from Okawaru
 31784 | Orc:2    | Found Paud's General Store.
 31785 | Orc:2    | Found Dual's Jewellery Boutique.
 31787 | Orc:2    | Found Yddeutse's Antique Armour Shop.
 31787 | Orc:2    | Found Donuw's Antique Weapon Shop.
 31983 | Orc:2    | Found a staircase to the Elven Halls.
 32125 | Orc:2    | Found Qapiloz's Jewellery Boutique.
 32142 | Orc:2    | Bought the ring "Epihopt" {Str+6 Slay+6} for 1023 gold
                  | pieces
 32454 | D:12     | Killed DeathSocks's ghost
 32601 | D:12     | Killed Fannar
 32746 | D:12     | Killed Sonja
 33018 | D:15     | Reached XP level 16. HP: 130/134 MP: 22/22
 33069 | D:15     | Found a staircase to the Depths.
 33346 | D:15     | Received a gift from Okawaru
 33516 | D:15     | Killed Azrael
 33738 | Depths:1 | Entered Level 1 of the Depths
 34256 | D:15     | Received a gift from Okawaru
 34303 | D:15     | Reached skill level 10 in Throwing
 34680 | Snake:1  | Entered Level 1 of the Snake Pit
 35203 | Snake:1  | Identified the +2 quarterstaff of Tuoruahe {drain, rF+}
 35560 | Snake:1  | Reached skill level 10 in Evocations
 35961 | Snake:1  | Reached skill level 15 in Armour
 36366 | Snake:2  | Received a gift from Okawaru
 36375 | Snake:2  | Found Engaownu's Jewellery Shop.
 36376 | Snake:2  | Found Faptus's Book Emporium.
 36378 | Snake:2  | Found Gezxisad's Jewellery Shop.
 37672 | Snake:2  | Received a gift from Okawaru
 37732 | Snake:2  | Noticed Jorgrun
 37755 | Snake:2  | Killed Jorgrun
 38175 | Snake:3  | Found an opulent altar of Gozag.
 38515 | Snake:3  | Found a glacial archway.
 38575 | Snake:3  | Reached skill level 10 in Dodging
 39299 | Snake:3  | Received a gift from Okawaru
 39302 | Snake:3  | Reached XP level 17. HP: 138/144 MP: 23/23
 41039 | Snake:4  | Entered Level 4 of the Snake Pit
 41112 | Snake:4  | Received a gift from Okawaru
 41995 | Snake:4  | Received a gift from Okawaru
 42469 | Snake:4  | Learned a level 3 spell: Mephitic Cloud
 42472 | Snake:4  | Learned a level 2 spell: Lesser Beckoning
 43528 | Snake:4  | Received a gift from Okawaru
 43607 | Snake:4  | Reached skill level 15 in Fighting
 43681 | Snake:4  | Noticed Vashnia
 43782 | Snake:4  | Killed Vashnia
 43841 | Snake:4  | Found an iron altar of Okawaru.
 43853 | Snake:4  | Got a serpentine rune of Zot
 44508 | D:15     | Acquired 567 gold pieces
 45218 | Depths:1 | Found a radiant altar of Vehumet.
 45770 | Shoals:1 | Entered Level 1 of the Shoals
 45958 | Shoals:1 | Reached XP level 18. HP: 166/166 MP: 24/24
 46046 | Shoals:1 | Received a gift from Okawaru
 46158 | Shoals:1 | Learned a level 5 spell: Alistair's Intoxication
 46174 | Shoals:1 | Noticed Roxanne
 46347 | Shoals:1 | Reached skill level 1 in Translocations
 46482 | Shoals:1 | Reached skill level 1 in Alchemy
 46865 | Shoals:2 | Found a runed translucent gate.
 46865 | Shoals:2 | Found a runed translucent gate.
 46865 | Shoals:2 | Found a runed translucent gate.
 46865 | Shoals:2 | Noticed zenocrate's ghost (adept KoDe)
 46968 | Shoals:2 | Noticed Mungiw's ghost (adept MiBe)
 47390 | Shoals:2 | Received a gift from Okawaru
 48060 | Shoals:3 | Found Nanid's Weapon Shoppe.
 48098 | Shoals:3 | Found Rytoin's Jewellery Boutique.
 48230 | Shoals:3 | Found Wystos's Self-Improvement Boutique.
 48663 | Shoals:3 | Found Cueder's Weapon Shoppe.
 48751 | Shoals:4 | Entered Level 4 of the Shoals
 48908 | Shoals:4 | Received a gift from Okawaru
 49178 | Shoals:4 | Paralysed by an air elemental for 1 turns
 49283 | Shoals:4 | Paralysed by an air elemental for 1 turns
 49338 | Shoals:4 | Reached skill level 5 in Alchemy
 49350 | Shoals:4 | Found a stormy altar of Qazlal.
 49365 | Shoals:4 | Identified the +1 spear of Irimuaqasa {freeze, rPois rC+
                  | Str+3}
 49369 | Arena    | Entered the Arena
 49969 | Shoals:4 | Reached skill level 5 in Translocations
 50423 | Shoals:4 | Paralysed by an air elemental for 1 turns
 50426 | Shoals:4 | Paralysed by an air elemental for 1 turns
 50719 | Shoals:4 | Found an ornate altar of the Wu Jian Council.
 50857 | Shoals:3 | Found Xafegh's Jewellery Boutique.
 50857 | Shoals:3 | Found Jakkuott's Book Emporium.
 51025 | Shoals:4 | Received a gift from Okawaru
 51041 | Shoals:4 | Reached XP level 19. HP: 175/177 MP: 25/25
 51164 | Shoals:4 | Got a barnacled rune of Zot
 51177 | Shoals:4 | Got Famyecac's Essays on the Iceberg and the Welkin
 51599 | Elf:1    | Entered Level 1 of the Elven Halls
 51772 | Elf:1    | Found a runed translucent door.
 51864 | Elf:1    | Noticed Hulashix's ghost (journeyman MiBe)
 51930 | Elf:1    | Killed Hulashix's ghost
 51938 | Elf:1    | Identified the ring of Arhuabof {*Corrode rPois Will+ MP+9
                  | Dex+4}
 52287 | Elf:1    | Found a huge runed translucent gate.
 52287 | Elf:1    | Found a huge runed translucent gate.
 52294 | Elf:1    | Found a huge runed translucent gate.
 52295 | Elf:1    | Found a huge runed translucent gate.
 52295 | Elf:1    | Found a huge runed translucent gate.
 52295 | Elf:1    | Found a huge runed translucent gate.
 52295 | Elf:1    | Found a huge runed translucent gate.
 52295 | Elf:1    | Found a huge runed translucent gate.
 52295 | Elf:1    | Found a huge runed translucent gate.
 52295 | Elf:1    | Found a huge runed translucent gate.
 52295 | Elf:1    | Found a huge runed translucent gate.
 52297 | Elf:1    | Found a huge runed translucent gate.
 52297 | Elf:1    | Found a huge runed translucent gate.
 52297 | Elf:1    | Found a huge runed translucent gate.
 52297 | Elf:1    | Found a huge runed translucent gate.
 52297 | Elf:1    | Found a huge runed translucent gate.
 52297 | Elf:1    | Found a huge runed translucent gate.
 52298 | Elf:1    | Found a huge runed translucent gate.
 52298 | Elf:1    | Found a huge runed translucent gate.
 52298 | Elf:1    | Found a huge runed translucent gate.
 53164 | Elf:2    | Received a gift from Okawaru
 53188 | Elf:3    | Entered Level 3 of the Elven Halls
 53188 | Elf:3    | Found a radiant altar of Vehumet.
 53272 | Elf:2    | Paralysed by an air elemental for 1 turns
 53908 | Elf:2    | Paralysed by an air elemental for 1 turns
 54318 | Elf:2    | Found a runed translucent gate.
 54320 | Elf:2    | Found a runed translucent gate.
 54320 | Elf:2    | Found a runed translucent gate.
 54675 | Elf:3    | Found Vuruner's Magic Scroll Emporium.
 54680 | Elf:3    | Bought a scroll of teleportation for 33 gold pieces
 55797 | D:1      | Bought distressingly furry fire dragon scales for 1105 gold
                  | pieces
 55797 | D:1      | Identified the +0 fire dragon scales of the Ward {+Blink
                  | rF++ rC- SInv} (You bought it in a shop on level 1 of the
                  | Dungeon)
 56087 | Vaults:1 | Entered Level 1 of the Vaults
 56093 | Vaults:1 | Noticed Norris
 56673 | D:13     | Killed from afar by Norris

Illustrated notes

Levels and vault maps discovered:
D:1:      nagdon_arrival_double_spiral, layout_rooms, serial_shops, shop,
          nicolae_square_shop, shop, shop_statue, roderic_filled_cross
D:2:      layout_rooms, serial_shops, nicolae_shop_statue_plus,
          basic_ecumenical_altar, chequers_avenue, kennysheep_generic_room_5
D:3:      layout_loops_corners, uniq_sigmund
D:4:      layout_loops_ring, nicolae_ru_sacrificial_ziggurat
D:5:      layout_basic
D:6:      layout_basic, nicolae_uskayaw_en_pointe, portal_sewer_entry_d,
          grunt_ministairs_12
D:7:      layout_loops_ring, kennysheep_little_box, marbit_many_paths,
          minmay_temple_entry_stoned_glass, uniq_maurice
D:8:      layout_basic, kennysheep_slug_shrine, cheibrodos_ashenzari_chains,
          lair_entry_dummy
D:9:      nzn_winding_woodlands_large [nzn_winding_woodlands_5x5_checkerboard,
          nzn_winding_woodlands_5x15_crooked, nzn_winding_woodlands_5x5_default,
          nzn_winding_woodlands_center_diamonds,
          nzn_winding_woodlands_15x15_thick_spiral,
          nzn_winding_woodlands_center_pierced_h,
          nzn_winding_woodlands_5x5_three, nzn_winding_woodlands_5x15_pockets,
          nzn_winding_woodlands_5x5_closed_star], layout_basic,
          nicolae_yredelemnul_corpse_copse, kennysheep_mini_moat,
          dk_xom_monty_hall, serial_glass, glass_columns_a, glass_columns_c,
          fungi_pond_lemuel, onia_ninara_dug_in_and_dangerous
D:10:     layout_loops_ring, minmay_orc_entry_guard_dogs, nicolae_benzene_ring
D:11:     layout_stronghold, nicolae_trove_entry_columns
D:12:     layout_basic, ebering_ghost_funeral_grove, serial_shops, shop,
          lightli_elemental_guards, uniq_sonja, uniq_fannar, uniq_lodul
D:13:     layout_roguey, david_vaults_5, grunt_ministairs_14,
          nicolae_dithmenos_through_a_glass_darkly
D:14:     layout_cave_pools, serial_shops, shop, shop, hangedman_glass_teeth,
          ebering_dispersal_statue_hall, corexii_corridor_pit
D:15:     grunt_enter_depths_magical_seal, layout_long_grid, grunt_decor_cap,
          uniq_agnes, uniq_azrael
Temple:   hellmonk_temple_forest_ring
Lair:1:   layout_gridlike, basic_altar, nicolae_quartered_pool_medium,
          st_stairs_9, infiniplex_staircase_pool, grunt_megastairs_4
Lair:2:   layout_hall_layers, dummy_snake_entry, uniq_amaemon, uniq_erica
Lair:3:   layout_gridlike, minmay_shoals_entry_beasts
Lair:4:   onia_ninara_swampy_vault, layout_concentric_octagons,
          dpeg_slime_entry_enclosed
Lair:5:   wormcave, layout_misc_corridors, guppyfry_lair_end_dragon,
          nzn_ghost_randoct
Shoals:1: layout_shoals, uniq_roxanne
Shoals:2: layout_shoals, gammafunk_ghost_cemetery
Shoals:3: layout_shoals, serial_shops, nicolae_shop_peninsula, shop, shop, shop,
          shop, nicolae_shop_self_help
Shoals:4: shoals_end_hellmonk_storm_palace [storm_palace_center_ruins,
          storm_palace_corner_altar, storm_palace_corner_grid,
          storm_palace_corner_altar, storm_palace_corner_blocked]
Snake:1:  layout_onion_interference, nicolae_integral_box
Snake:2:  nicolae_snake_unarmed_stairs_patrol, layout_chambers,
          minmay_shop_grove, uniq_jorgrun
Snake:3:  layout_layer_cave, portal_ice_cave_entry_ice_statue_two, basic_altar,
          drop_trap
Snake:4:  grunt_snake_rune_serpentine_throne, layout_rooms,
          nicolae_snake_snake_lake
Orc:1:    layout_caves, basic_altar, okawaru_metal_pillars_1_2
Orc:2:    st_orc_congregation, layout_diamond_mine, serial_shops,
          nicolae_shop_statue_plus, guppyfry_orc_lava_fort
Elf:1:    elf_arrival_001, layout_geoelf_grid, gammafunk_ghost_grave,
          hangedman_elf_represent
Elf:2:    nicolae_elf_blades_splatter_lattice [nicolae_blade_tridents],
          layout_loops_cross, minivault_23, lemuel_flamethrower_2
Elf:3:    minmay_elf_hall_circle, layout_geoelf_castle, basic_altar,
          serial_shops, nicolae_shop_tiny_waterfront
Vaults:1: nicolae_vaults_storage_room_doors, vaults_room_grid, v_misc_17,
          nicolae_vaults_windows_and_doors_thing, nicolae_vaults_puzzle_piece,
          hangedman_vaults_cutoff, v_rooms_6, nicolae_vaults_diamond_2,
          nicolae_vaults_shrinking_rooms_1, vaults_dpeg_ring,
          vaults_standard_mumra_lines, nicolae_vaults_murder_corner,
          nicolae_vaults_trapezoid_lopsided_1, layout_vaults_omnibox,
          serial_shops, nicolae_shop_just_a_little_nook, uniq_norris,
          uniq_nikola
Depths:1: layout_forbidden_donut, enter_ziggurat_f, pf_dread_powers_of_hell,
          fiery_altar_vehumet

Skill      XL: |  1  2  3  4  5  6  7  8  9 10 11 12 13 14 15 16 17 18 19 |
---------------+----------------------------------------------------------+-----
Axes           | 3 4 5 7 8 9 11 13 15 16 18 | 18.0
Fighting       | 4 5 6 8 10 11 15 17 18 | 18.3
Armour         | 4 5 6 8 10 13 16 17 18 | 18.0
Shields        | 4 9 10 11 13 14 | 14.0
Invocations    | 5 8 |  8.0
Throwing       | 3 6 8 9 10 | 10.0
Maces & Flails | 1 6 7 |  7.8
Evocations     | 1 6 8 10 | 10.0
Dodging        | 1 6 10 | 10.0
Polearms       | 1 3 |  3.8
Translocations | 5 |  5.0
Alchemy        | 6 9 |  9.7

Action                     |  1- 3 |  4- 6 |  7- 9 | 10-12 | 13-15 | 16-18 | 19-21 || total
---------------------------+-------+-------+-------+-------+-------+-------+-------++-------
  Melee: War axe           |   107 |   139 |   455 |       |       |       |       ||   701
         Broad axe         |       |       |       |   815 |   142 |       |       ||   957
         Whip              |       |       |       |       |  1618 |    64 |       ||  1682
         Lance             |       |       |       |       |   447 |  2159 |   487 ||  3093
  Throw: Dart              |       |     2 |     3 |     3 |     6 |       |       ||    14
         Javelin           |       |       |       |       |       |     4 |    16 ||    20
   Cast: Apportation       |       |       |       |       |       |    13 |       ||    13
 Invoke: Heroism           |       |       |       |     1 |     6 |    10 |     7 ||    24
         Receive Weapon    |       |       |       |       |     1 |       |       ||     1
         Receive Armour    |       |       |       |       |     1 |       |       ||     1
         Finesse           |       |       |       |       |       |     2 |     1 ||     3
         Duel              |       |       |       |       |       |     1 |       ||     1
  Evoke: Wand              |       |       |     6 |     2 |    21 |     6 |    10 ||    45
         Lightning rod     |       |       |       |       |       |       |     1 ||     1
    Use: Scroll            |       |     4 |     1 |    21 |    12 |    15 |     3 ||    56
         Potion            |       |     1 |     7 |     4 |     7 |     9 |     4 ||    32
   Stab: Fleeing           |       |       |       |     1 |       |       |       ||     1
         Distracted        |       |       |       |       |       |     2 |     1 ||     3
 Armour: Scale mail        |    14 |       |       |       |       |       |       ||    14
         Chain mail        |   101 |    74 |       |       |       |       |       ||   175
         Plate armour      |       |    30 |   328 |   418 |   924 |   934 |   279 ||  2913
  Dodge: Dodged            |    55 |    30 |    77 |   115 |   357 |   715 |   155 ||  1504
  Block: Buckler           |    22 |    39 |   164 |     4 |       |       |       ||   229
         Reflection        |       |       |     5 |    21 |    39 |   152 |    28 ||   245
         Kite shield       |       |       |       |   633 |  1365 |  1187 |   212 ||  3397

Table legend: (Time is in decaauts)
 A = Elapsed time spent in this place.
 B = Non-inter-level travel time spent in this place.
 C = Inter-level travel time spent in this place.
 D = Time resting spent in this place.
 E = Time spent auto-exploring this place.
 F = Levels seen in this place.
 G = Mean time per level.
                   A        B        C        D        E       F      G
               +--------+--------+--------+--------+--------+-----+--------+
         Total |  55258 |  49804 |   5454 |  12994 |  23899 |  38 | 1454.2 |
       Dungeon |  24155 |  20098 |   4057 |   5410 |   9914 |  15 | 1610.3 |
        Temple |     59 |     48 |     11 |     33 |      0 |   1 |   59.0 |
          Lair |   9115 |   8582 |    533 |   2246 |   4472 |   5 | 1823.0 |
        Shoals |   5329 |   5142 |    187 |   1232 |   1686 |   4 | 1332.2 |
     Snake Pit |   8946 |   8647 |    299 |   2302 |   4419 |   4 | 2236.5 |
  Orcish Mines |   2382 |   2255 |    127 |    505 |    993 |   2 | 1191.0 |
   Elven Halls |   3830 |   3593 |    237 |    901 |   1827 |   3 | 1276.7 |
        Vaults |     27 |     27 |      0 |      0 |      5 |   1 |   27.0 |
        Depths |    387 |    387 |      0 |    159 |     45 |   1 |  387.0 |
         Sewer |   1003 |   1003 |      0 |    191 |    537 |   1 | 1003.0 |
         Arena |     20 |     20 |      0 |     13 |      0 |   1 |   20.0 |
               +--------+--------+--------+--------+--------+-----+--------+

Top non-repeatable levels by time:
  Lair:4: 3000 daAuts
     D:8: 2799 daAuts
     D:9: 2707 daAuts
    D:15: 2663 daAuts
 Snake:3: 2614 daAuts
 Snake:4: 2512 daAuts
  Lair:5: 2364 daAuts
 Snake:2: 2242 daAuts
Shoals:4: 2210 daAuts
    D:12: 2171 daAuts
   Orc:2: 1799 daAuts
    D:13: 1786 daAuts
     D:7: 1687 daAuts
    D:11: 1677 daAuts
 Snake:1: 1577 daAuts
